[Event "TIPC 2006"]
[Site "Charleroi BEL"]
[Date "2006.08.05"]
[Round "9"]
[White "Mattheys, Eddy"]
[Black "Van Uytven, Eric"]
[Result "0-1"]
[ECO "E30"]
[WhiteElo "2002"]
[BlackElo "2167"]
[PlyCount "56"]
[TimeControl "40/7200:3600"]

1. d4 Nf6 2. c4 e6 3. Nc3 Bb4 4. Bg5 c5 5.
Bxf6 Qxf6 6. e3 Nc6 7. Nf3 d6 8. Be2 O-O 9. O-O Bxc3 10. bxc3 e5 11. d5 Ne7 12.
Nd2 Qg6 13. Kh1 Bd7 14. Rb1 b6 15. Rb2 e4 16. h3 f5 17. Rg1 Qf6 18. Qc2 Qh4 19.
f4 exf3 20. Nxf3 Qh6 21. Qd2 f4 22. e4 Ng6 23. Kh2 Rae8 24. Bd3 Ne5 25. Nxe5
Rxe5 26. Qf2 Rg5 27. Bf1 Rg3 28. Re2 Qf6 0-1

[Event "TIPC 2006"]
[Site "Charleroi BEL"]
[Date "2006.08.05"]
[Round "9"]
[White "Audin, Thierry"]
[Black "Camus, Béranger"]
[Result "1/2-1/2"]
[ECO "A43"]
[WhiteElo "1990"]
[BlackElo "2135"]
[PlyCount "62"]
[TimeControl "40/7200:3600"]

1. d4 c5 2. Nc3 cxd4 3. Qxd4 Nc6 4. Qh4 g6
5. Bd2 Bg7 6. e4 a6 7. f4 d6 8. Nf3 b5 9. O-O-O Bd7 10. e5 b4 11. Ne4 Qa5 12.
Kb1 dxe5 13. fxe5 Nxe5 14. Bxb4 Qb6 15. Nxe5 Bxe5 16. Nc5 Bf5 17. Ba3 Rb8 18.
Nb3 Nf6 19. Qa4+ Kf8 20. Bd3 Bxd3 21. Rxd3 Kg7 22. Bxe7 Rhc8 23. Rf1 Qc7 24.
Bxf6+ Bxf6 25. c3 Qxh2 26. Qxa6 Qe5 27. Rdf3 Qe4+ 28. Qd3 Qxd3+ 29. Rxd3 Rc7
30. Rdf3 Be5 31. Kc2 f5 1/2-1/2

[Event "TIPC 2006"]
[Site "Charleroi BEL"]
[Date "2006.08.05"]
[Round "9"]
[White "Marville, Grégoire"]
[Black "Ackaert, Thierry"]
[Result "1-0"]
[ECO "C00"]
[WhiteElo "1975"]
[BlackElo "2134"]
[PlyCount "79"]
[TimeControl "40/7200:3600"]

1. e4 e6 2. d4 a6 3. Nf3 b5 4. Bd3 Bb7 5.
O-O c5 6. c3 Nf6 7. Re1 h6 8. Nbd2 Qb6 9. e5 Nd5 10. Ne4 cxd4 11. cxd4 Nc6 12.
Bb1 Be7 13. b3 f5 14. Nd6+ Bxd6 15. exd6 O-O 16. Ne5 Rad8 17. Bb2 Na5 18. Ng6
Rf7 19. Qd2 b4 20. Ne5 Rff8 21. Nc4 Nxc4 22. bxc4 Nf6 23. c5 Qc6 24. f3 Nd5 25.
a3 b3 26. Bd3 Rf6 27. Rab1 Rg6 28. Be2 f4 29. Bd1 Rf8 30. Bc1 Rf5 31. Rxb3 Rfg5
32. Re2 Ne3 33. Rbxe3 fxe3 34. Qxe3 Qxf3 35. Qxf3 Bxf3 36. Bxg5 Rxg5 37. Rd2
Bc6 38. g3 Rf5 39. Be2 a5 40. Rd1 1-0

[Event "TIPC 2006"]
[Site "Charleroi BEL"]
[Date "2006.08.05"]
[Round "9"]
[White "Scoriels, Michael"]
[Black "Lhost, Geoffrey"]
[Result "1-0"]
[ECO "C47"]
[WhiteElo "2131"]
[BlackElo "1966"]
[PlyCount "33"]
[TimeControl "40/7200:3600"]

1. e4 e5 2. Nf3 Nf6 3. Nc3 Nc6 4. d4 Bb4 5.
Nxe5 Bxc3+ 6. bxc3 Qe7 7. Bd3 Nxe5 8. dxe5 Qxe5 9. O-O O-O 10. Rb1 Qxc3 11. Bb2
Qc6 12. e5 Nd5 13. Qh5 h6 14. Be4 Qc5 15. Qf5 g6 16. Qf3 Ne7 17. Qf6 1-0

[Event "TIPC 2006"]
[Site "Charleroi BEL"]
[Date "2006.08.05"]
[Round "9"]
[White "Giadrosic, Dinko"]
[Black "Di Cosmo, Jonathan"]
[Result "0-1"]
[ECO "D00"]
[WhiteElo "2059"]
[BlackElo "1941"]
[PlyCount "74"]
[TimeControl "40/7200:3600"]

1. d4 d5 2. c3 Nf6 3. Bg5 Nbd7 4. Nd2 c5 5.
Bxf6 exf6 6. Ngf3 f5 7. dxc5 Bxc5 8. Nb3 Qb6 9. e3 O-O 10. Qxd5 f4 11. Nfd4
fxe3 12. fxe3 Bxd4 13. Qxd4 Qc6 14. O-O-O Nf6 15. Bc4 a5 16. a4 Bf5 17. Bb5
Qxg2 18. Na1 Qh3 19. Rhg1 Bg6 20. Rd2 Qe6 21. Bc4 Qe7 22. Rdg2 Rad8 23. Qf4
Rfe8 24. Nc2 Nd5 25. Bxd5 Rxd5 26. Rg3 Qe4 27. Qxe4 Rxe4 28. Nd4 Rh5 29. R1g2
Reh4 30. Nf3 Rxa4 31. b3 Ra1+ 32. Kb2 Rb1+ 33. Ka2 Rc1 34. Rd2 Rc2+ 35. Rxc2
Bxc2 36. Kb2 Be4 37. Rg5 Bxf3 0-1

[Event "TIPC 2006"]
[Site "Charleroi BEL"]
[Date "2006.08.05"]
[Round "9"]
[White "Charlier, Laurent"]
[Black "Bruno, Ricardo"]
[Result "1-0"]
[ECO "B12"]
[WhiteElo "2007"]
[BlackElo "1892"]
[PlyCount "85"]
[TimeControl "40/7200:3600"]

1. e4 c6 2. d4 d5 3. e5 Bf5 4. h4 h6 5. g4
Bd7 6. c4 e6 7. Qb3 Qb6 8. Qxb6 axb6 9. Nd2 Na6 10. Bd3 Nb4 11. Bb1 c5 12. Ne2
Bc6 13. O-O Be7 14. h5 b5 15. dxc5 bxc4 16. a3 Bxc5 17. axb4 Bxf2+ 18. Rxf2
Rxa1 19. Nd4 Ne7 20. Nc2 Ra7 21. Nf3 O-O 22. Be3 Raa8 23. Bc5 Rfe8 24. Na3 Ba4
25. b5 Rac8 26. Bb4 Bd1 27. Nh2 Bb3 28. Rf4 Rc7 29. Nf3 Nc8 30. g5 Bd1 31. gxh6
gxh6 32. Rf6 Bxf3 33. Rxf3 d4 34. Be4 d3 35. Bd2 Rc5 36. Bxh6 Kh8 37. Be3 Rc7
38. Kf2 c3 39. Bg5 c2 40. Bf6+ Kg8 41. Rg3+ Kf8 42. Bh7 Ne7 43. Bg7# 1-0

[Event "TIPC 2006"]
[Site "Charleroi BEL"]
[Date "2006.08.05"]
[Round "9"]
[White "Coibion, Charles"]
[Black "Foisor, Mihaela-Veronica"]
[Result "1-0"]
[ECO "B80"]
[WhiteElo "1847"]
[BlackElo "2005"]
[PlyCount "107"]
[TimeControl "40/7200:3600"]

1. e4 c5 2. Nf3 e6 3. d4 cxd4 4. Nxd4 Nf6 5. Nc3 d6 6. Be3 a6 7. f3 b5 8. Qd2
Bb7 9. g4 Qc7 10. O-O-O Nfd7 11. Kb1 Nb6 12. Bd3 N8d7 13. Qf2 Nc5 14. h4 Rc8
15. g5 g6 16. h5 Rg8 17. hxg6 hxg6 18. Rh7 Nbd7 19. Qg3 b4 20. Nce2 Nxd3 21.
cxd3 e5 22. Rc1 Qd8 23. Rxc8 Qxc8 24. Nb3 Qc7 25. Qf2 Bg7 26. Qh4 a5 27. Rxg7
Rxg7 28. Qh8+ Ke7 29. Qxg7 Ba6 30. Nbc1 a4 31. b3 a3 32. Qh8 Nc5 33. Qh1 Nxd3
34. Qd1 Nb2 35. Qc2 Qd7 36. Bd2 Qb7 37. Be3 Kf8 38. Qd2 Ke7 39. Qc2 Kf8 40. Ng3
Ke7 41. Nge2 Kf8 42. f4 Qe7 43. fxe5 Qxe5 44. Bf4 Qe7 45. Ng3 d5 46. exd5 Qe1
47. Qd2 Bd3+ 48. Ka1 Qe7 49. d6 Qa7 50. Nxd3 Nxd3 51. Qxd3 Qg1+ 52. Nf1 Qg2 53.
Bd2 Qg4 54. Bxb4 1-0

[Event "TIPC 2006"]
[Site "Charleroi BEL"]
[Date "2006.08.05"]
[Round "9"]
[White "Baekelant, Eva"]
[Black "Maraite, Grégory"]
[Result "1-0"]
[ECO "B23"]
[WhiteElo "1988"]
[BlackElo "1775"]
[PlyCount "73"]
[TimeControl "40/7200:3600"]

1. e4 c5 2. Nc3 Nc6 3. f4 d6 4. Nf3 g6 5.
Bc4 Bg7 6. O-O e6 7. d3 Nge7 8. Qe1 a6 9. a4 O-O 10. Qh4 Nd4 11. Nxd4 cxd4 12.
Ne2 f5 13. Qf2 d5 14. exd5 exd5 15. Bb3 Nc6 16. Bd2 Be6 17. Rfe1 Bf7 18. Kh1
Re8 19. Ng1 Rxe1 20. Rxe1 Na5 21. Ba2 Rc8 22. Nf3 Bf6 23. Bxa5 Qxa5 24. Bb3 Be8
25. Qe2 Bf7 26. Qf2 Re8 27. Rxe8+ Bxe8 28. Qe2 Bxa4 29. Qe6+ Kg7 30. Bxd5 Qc7
31. Ng5 Bxg5 32. fxg5 Kf8 33. b3 Be8 34. Qf6+ Bf7 35. Qh8+ Ke7 36. Bxf7 Qf4 37.
Qe8+ 1-0

[Event "TIPC 2006"]
[Site "Charleroi BEL"]
[Date "2006.08.05"]
[Round "9"]
[White "Vanderose, Michel"]
[Black "Pitropakis, Kyriakos"]
[Result "1/2-1/2"]
[ECO "A13"]
[WhiteElo "1909"]
[BlackElo "1587"]
[PlyCount "114"]
[TimeControl "40/7200:3600"]

1. c4 e6 2. Nc3 c6 3. d4 h6 4. e4 d5 5. Nf3
Nf6 6. Bd3 dxc4 7. Bxc4 Bb4 8. Qc2 g5 9. a3 Be7 10. h3 a6 11. Be3 Kf8 12. Qd2
b5 13. Bd3 Nh5 14. g3 a5 15. Ke2 b4 16. axb4 Bxb4 17. Qc2 Ba6 18. Ne5 Bxd3+ 19.
Nxd3 Na6 20. Rac1 Nf6 21. f3 Rg8 22. Na2 Qc7 23. Qxc6 Qxc6 24. Rxc6 h5 25. Rhc1
Nh7 26. Rc8+ Rxc8 27. Rxc8+ Kg7 28. Rxg8+ Kxg8 29. Naxb4 axb4 30. b3 f6 31. Bd2
Kf7 32. Nxb4 Nc7 33. Nd3 Nb5 34. Ke3 Nf8 35. Nc5 Ng6 36. Kd3 h4 37. g4 e5 38.
d5 Nd4 39. d6 Nf8 40. Ke3 Nfe6 41. b4 Nxc5 42. bxc5 Ke6 43. Bc3 Nc6 44. Kd3 Kd7
45. Kc4 Nd8 46. Kb5 Nc6 47. Kc4 Ke6 48. Kb5 Kd7 49. Kb6 Nd8 50. Ka7 Nc6+ 51.
Kb6 Nd8 52. Kb5 Nc6 53. Kc4 Ke6 54. Bb2 Na7 55. Bc3 Nc6 56. Bb4 Na7 57. Ba5 Nc6
1/2-1/2

[Event "TIPC 2006"]
[Site "Charleroi BEL"]
[Date "2006.08.05"]
[Round "9"]
[White "Vivone, Santino"]
[Black "Chung Choong Lon, Marc"]
[Result "1-0"]
[ECO "B01"]
[WhiteElo "1995"]
[BlackElo "1775"]
[PlyCount "45"]
[TimeControl "40/7200:3600"]

1. e4 d5 2. exd5 Nf6 3. d4 Nxd5 4. c4 Nb4 5. a3 N4c6 6. Nf3 Bg4 7. Be2 e6 8.
O-O Be7 9. Nc3 O-O 10. d5 exd5 11. Nxd5 Bd6 12. Bg5 Qd7 13. b4 Bxf3 14. Bxf3
Ne5 15. c5 Nxf3+ 16. Qxf3 Be5 17. Rad1 Qe6 18. Rfe1 f6 19. Nxc7 Qe7 20. Nxa8
fxg5 21. Qd5+ Qf7 22. Rxe5 Nc6 23. Rf5 1-0

[Event "TIPC 2006"]
[Site "Charleroi BEL"]
[Date "2006.08.05"]
[Round "9"]
[White "Real, Thibault"]
[Black "Domelevo-Entfellner, Jean-Baka"]
[Result "1-0"]
[ECO "A80"]
[WhiteElo "1571"]
[BlackElo "1967"]
[PlyCount "77"]
[TimeControl "40/7200:3600"]

1. d4 f5 2. Nf3 g6 3. Bf4 Nf6 4. e3 Bg7 5. Nbd2 O-O 6.
Bc4+ Kh8 7. O-O c6 8. Ng5 d5 9. Bb3 h6 10. Ngf3 Be6 11. Ne5 Kh7 12. h4 Ng4 13.
Ndf3 Nd7 14. c3 Qe8 15. Bc2 Bf6 16. Nd3 Qf7 17. g3 Qg7 18. Bb1 g5 19. hxg5 hxg5
20. Bc7 Rac8 21. Ba5 Qh6 22. Kg2 Kg7 23. Rh1 Qg6 24. Nc5 Nxc5 25. dxc5 Rh8 26.
Nd4 Bd7 27. Qxg4 Rxh1 28. Nxf5+ Kf8 29. Kxh1 Re8 30. Kg2 e5 31. Nd6 Bxg4 32.
Bxg6 Re6 33. Bf5 Bxf5 34. Nxf5 e4 35. Nd6 b5 36. a4 Be5 37. axb5 Bxd6 38. cxd6
Rxd6 39. Bb4 1-0